 Seeded DCSS version 0.29-a0-207-gf982a884d8 (webtiles) character file.

Game seed: 112659713216759503 (custom seed)

570 innerfire433 the Chopper (level 7, -1/55 HPs)
             Began as a Demonspawn Monk on Feb 23, 2022.
             Was a Priest of Cheibriados.
             Slain by Edmund
             ... wielding a +6 flail of holy wrath
              (11 damage)
             ... on level 4 of the Dungeon.
             The game lasted 00:08:30 (4365 turns).

innerfire433 the Chopper (Demonspawn Monk)          Turns: 4365, Time: 00:08:31

Health: -1/55      AC:  8    Str: 25    XL:     7   Next: 11%
Magic:  0/9        EV: 13    Int: 18    God:    Cheibriados [***...]
Gold:   191        SH:  0    Dex: 22    Spells: 10/10 levels left

rFire   . . .      SeeInvis .   e - +3 hand axe (elec)
rCold   . . .      Faith    .   (no shield)
rNeg    . . .      Spirit   +   h - +0 scale mail
rPois   .          Reflect  .   (no helmet)
rElec   .          Harm     .   n - +0 cloak
rCorr   .          Rampage  .   d - +0 pair of gloves
Will    .....                   (no boots)
Stlth   +.........              (no amulet)
HPRegen 0.18/turn               m - +6 ring of strength
MPRegen 0.22/turn               (no ring)

@: very slow
A: magic shield, magic regeneration, demonic magic 1, demonic touch 1, low MP 1,
weak 1
a: Renounce Religion, Bend Time, Temporal Distortion


You were on level 4 of the Dungeon.
You worshipped Cheibriados.
Cheibriados was most pleased with you.
You visited 1 branch of the dungeon, and saw 4 of its levels.

You collected 191 gold pieces.

Inventory:

Hand Weapons
 a - a +0 hand axe
 e - a +3 hand axe of electrocution (weapon)
Armour
 b - a +0 robe
 c - a +0 ring mail
 d - a +0 pair of gloves (worn)
 h - a +0 scale mail (worn)
 n - a +0 cloak (worn)
Jewellery
 m - a +6 ring of strength (left hand)
 o - the amulet "Vewifiq" {Spirit rF+ rC+ Dex-2}
   (You found it on level 2 of the Dungeon)

   [amulet of guardian spirit]

   It causes incoming damage to be divided between your reserves of health and
   magic.
   Dex:       It affects your dexterity (-2).
   rF:        It protects you from fire.
   rC:        It protects you from cold.
Scrolls
 g - a scroll of identify
 k - a scroll of immolation {unknown}
 p - a scroll of magic mapping {unknown}
Potions
 i - a potion of magic
 j - 2 potions of flight
 l - a potion of lignification {unknown}


   Skills:
 + Level 4.6 Fighting
 * Level 5.1 Axes
 + Level 4.1 Dodging
 - Level 2.0 Stealth
 + Level 2.4 Spellcasting


You had 10 spell levels left.
You didn't know any spells.
Your spell library contained the following spells:

 Spells                   Type           Power      Damage    Failure   Level
 Sting                    Tmut/Pois      8%         1d3       38%         1
 Poisonous Vapours        Pois/Air       4%         N/A       54%         2
 Inner Flame              Hex/Fire       2%         N/A       77%         3
 Ozocubu's Armour         Ice            2%         N/A       77%         3
 Cause Fear               Hex            1%         N/A       99%         4
 Olgreb's Toxic Radiance  Pois           2%         N/A       99%         4
 Ozocubu's Refrigeration  Ice            1%         4d5       100%        7
 Discord                  Hex            1%         N/A       100%        8


Dungeon Overview and Level Annotations

Branches:
Dungeon (4/15)
 Temple: D:4-7

Altars:
Ashenzari
Cheibriados
Sif Muna

Annotations:
D:4 Edmund


Innate Abilities, Weirdness & Mutations

When hurt, damage is shared between your health and your magic reserves.
You regenerate magic rapidly.
Spells you cast may paralyse adjacent enemies.
Your touch may inflict minor irresistible damage on your foes.
Your magical capacity is low. (-10% MP)
You are weak. (Str -2)


Message History

Edmund is moderately wounded.
Edmund hits you with a +6 flail of holy wrath!
You convulse!
You hit Edmund but do no damage. Lightning courses through Edmund!
You touch Edmund.
Edmund is severely wounded.
Edmund hits you with a +6 flail of holy wrath!
You convulse!
You are too injured to fight recklessly!
You are too injured to fight recklessly!
You feel better. Edmund closely misses you.
You barely miss Edmund. Your touch misses Edmund.
Edmund is severely wounded.
Edmund closely misses you.
You barely miss Edmund.
You touch Edmund.
Edmund is severely wounded.
Edmund hits you with a +6 flail of holy wrath.
You convulse.
You barely miss Edmund.
Edmund is severely wounded.
Edmund hits you with a +6 flail of holy wrath!
* * * LOW HITPOINT WARNING * * *
You convulse.
* * * LOW HITPOINT WARNING * * *
You hit Edmund but do no damage.
Edmund is severely wounded.
Edmund closely misses you.
You slash Edmund!
Edmund is almost dead.
Edmund hits you with a +6 flail of holy wrath.
* * * LOW HITPOINT WARNING * * *
You convulse.
* * * LOW HITPOINT WARNING * * *
You hit Edmund but do no damage.
Edmund is almost dead.
Edmund closely misses you.
You closely miss Edmund. Your touch misses Edmund.
Edmund is almost dead.
Edmund hits you with a +6 flail of holy wrath!
You die...

#.....## #.###.#.
#.###... #..####.
##.# #.
############.####.
#..............##.
#.############.##.
#@# #.... #@#
#.... #.# #....
#.# ##... #.# #...
#.# #... #.# #...
#.# #... #)..


You could see Edmund.

Vanquished Creatures
  A water moccasin (D:3)
  Duvessa (D:4)
  The ghost of Hubris850 the Shooter, an amateur MiHu (D:3)
  Dowan (D:4)
  Crazy Yiuf (D:2)
  An iron imp (D:3)
  An orc wizard (D:3)
  3 gnolls (D:4)
  3 adders
  A worm (D:3)
  3 dart slugs (D:2)
  6 orcs (D:3)
  6 bats
  7 endoplasms
  6 giant cockroaches
  8 goblins
  5 hobgoblins
  3 jackals (D:1)
  10 ball pythons
  3 frilled lizards
  6 kobolds
  10 rats
87 creatures vanquished.

Vanquished Creatures (others)
  2 fungi (D:2)
  A plant (D:2)
3 creatures vanquished.

Grand Total: 90 creatures vanquished

Notes
Turn   | Place    | Note
-------+----------+-------------------------------------------
     0 | D:1      | innerfire433 the Demonspawn Monk began the quest for the
                  | Orb.
     0 | D:1      | Reached XP level 1. HP: 18/18 MP: 1/1
   445 | D:1      | Gained mutation: Your touch may inflict minor irresistible
                  | damage on your foes. [demonic ancestry]
   445 | D:1      | Reached XP level 2. HP: 24/24 MP: 2/2
   590 | D:1      | Reached skill level 3 in Axes
  1004 | D:1      | Gained mutation: You regenerate magic rapidly. [demonic
                  | ancestry]
  1004 | D:1      | Reached XP level 3. HP: 29/29 MP: 3/3
  1392 | D:2      | Found a faded altar of an unknown god.
  1575 | D:2      | Identified the amulet "Vewifiq" {Spirit rF+ rC+ Dex-2}
  1622 | D:2      | Found a runed translucent door.
  1623 | D:2      | Noticed Crazy Yiuf
  1795 | D:2      | Killed Crazy Yiuf
  1804 | D:2      | Gained mutation: You have hidden genetic defects. [potion
                  | of mutation]
  2142 | D:2      | Reached XP level 4. HP: 30/35 MP: 4/4
  2151 | D:2      | Gained mutation: Your magical capacity is low. (-10% MP)
                  | [hidden defects]
  2602 | D:3      | Gained mutation: You are weak. (Str -2) [hidden defects]
  2602 | D:3      | Lost mutation: You have hidden genetic defects. [hidden
                  | defects expressed]
  2629 | D:3      | Found a snail-covered altar of Cheibriados.
  2641 | D:3      | Reached skill level 1 in Spellcasting
  2643 | D:3      | Became a worshipper of Cheibriados the Contemplative
  2643 | D:3      | Reached * piety under Cheibriados
  2643 | D:3      | Reached ** piety under Cheibriados
  2858 | D:3      | Reached skill level 4 in Axes
  2858 | D:3      | Gained mutation: Spells you cast may paralyse adjacent
                  | enemies. [demonic ancestry]
  2858 | D:3      | Reached XP level 5. HP: 42/42 MP: 6/6
  2986 | D:3      | Found a runed translucent door.
  2986 | D:3      | Noticed Hubris850's ghost (amateur MiHu)
  3037 | D:3      | Found a runed translucent door.
  3122 | D:3      | Noticed a water moccasin
  3131 | D:3      | Killed a water moccasin
  3132 | D:3      | Reached XP level 6. HP: 40/48 MP: 7/7
  3320 | D:3      | Found a shimmering blue altar of Sif Muna.
  3482 | D:3      | HP: 1/48 [Hubris850's ghost (13)]
  3484 | D:3      | Killed Hubris850's ghost
  3864 | D:4      | Found a broken altar of Ashenzari.
  3968 | D:4      | Reached *** piety under Cheibriados
  4044 | D:4      | Noticed Duvessa
  4047 | D:4      | Noticed Dowan
  4051 | D:4      | Killed Duvessa
  4052 | D:4      | Reached skill level 5 in Axes
  4052 | D:4      | Gained mutation: When hurt, damage is shared between your
                  | health and your magic reserves. [demonic ancestry]
  4052 | D:4      | Reached XP level 7. HP: 43/55 MP: 9/9
  4068 | D:4      | Killed Dowan
  4350 | D:4      | Noticed Edmund
  4365 | D:4      | Slain by Edmund

Illustrated notes

Levels and vault maps discovered:
D:1:      wander_arrival_fairy_ring, layout_basic
D:2:      layout_rooms, shapermc_ecumenical_altar_mp_urbaneastern,
          uniq_crazy_yiuf_cottage
D:3:      layout_rooms, lemuel_blue_sif_altar, slow_altar_1,
          ebering_ghost_sewer_f, grunt_ministairs_10, kennysheep_donut
D:4:      layout_rooms, cheibrodos_ashenzari_chains,
          cheibrodos_sewer_entry_bend, uniq_edmund, uniq_duvessa

Skill      XL: |  1  2  3  4  5  6 |
---------------+-------------------+-----
Stealth        | 2 |  2.0
Axes           | 3 4 5 |  5.1
Dodging        | 3 4 |  4.1
Spellcasting   | 1 2 |  2.4
Fighting       | 4 |  4.6

Action                   |  1- 3 |  4- 6 |  7- 9 || total
-------------------------+-------+-------+-------++-------
Melee: Hand axe          |    74 |   100 |    23 ||   197
       Touch             |     5 |     8 |     6 ||    19
  Use: Potion            |     1 |     6 |     1 ||     8
       Scroll            |     1 |     5 |       ||     6
 Stab: Sleeping          |     6 |     2 |       ||     8
Armor: Robe              |     6 |       |       ||     6
       Scale mail        |     8 |    30 |     4 ||    42
       Skin              |       |     1 |       ||     1
Dodge: Dodged            |    39 |    60 |    13 ||   112

Table legend: (Time is in decaauts)
 A = Elapsed time spent in this place.
 B = Non-inter-level travel time spent in this place.
 C = Inter-level travel time spent in this place.
 D = Time resting spent in this place.
 E = Time spent auto-exploring this place.
 F = Levels seen in this place.
 G = Mean time per level.
                   A        B        C        D        E       F      G
               +--------+--------+--------+--------+--------+-----+--------+
         Total |   4881 |   4603 |    278 |      0 |   3813 |   4 | 1220.2 |
       Dungeon |   4881 |   4603 |    278 |      0 |   3813 |   4 | 1220.2 |
               +--------+--------+--------+--------+--------+-----+--------+

Top non-repeatable levels by time:
     D:3: 1530 daAuts
     D:1: 1366 daAuts
     D:2: 1236 daAuts
     D:4: 748 daAuts
